 Dungeon Crawl Stone Soup version 0.16.1-66-g04f09c5 (webtiles) character file.

134 poirepourri the Skirmisher (level 5, -1/48 HPs)
             Began as a Hill Orc Fighter on Aug 11, 2015.
             Succumbed to a gnoll's poison
             ... on level 3 of the Dungeon.
             The game lasted 00:04:48 (1551 turns).

poirepourri the Skirmisher (Hill Orc Fighter)       Turns: 1551, Time: 00:04:48

Health: -1/48      AC:  8    Str: 25      XL:     5   Next: 17%
Magic:  5/5        EV:  8    Int:  8      God:
Gold:   121        SH:  9    Dex:  8 (10) Spells: 1 memorised, 1 level left

rFire  . . .     SeeInvis .     a - +1 war axe
rCold  . . .     Clarity  .     b - +0 scale mail
rNeg   + . .     SustAb   .     c - +0 shield
rPois  .         Gourm    .     o - +0 helmet
rElec  .         Spirit   .     (no cloak)
rCorr  .         Warding  +     (no gloves)
rMut   .         Stasis   .     (no boots)
MR     .....                    n - amulet of warding
Stlth  ..........               (no ring)
                                (no ring)

@: mighty, lethally poisoned (-1 -> -18), not resistant to hostile enchantments,
extremely unstealthy
A: no striking features
a: no special abilities


You were on level 3 of the Dungeon.
You were hungry.

You visited 1 branch of the dungeon, and saw 3 of its levels.

You collected 121 gold pieces.

Inventory:

Hand weapons
 a - a +1 war axe (weapon)
Armour
 b - a +0 scale mail (worn)
 c - a +0 shield (worn)
 o - a +0 helmet (worn)
Jewellery
 n - an amulet of warding (around neck)
Scrolls
 h - a scroll of random uselessness
 k - a scroll of remove curse
 l - a scroll of fog
 m - a scroll of identify
Potions
 f - a potion of haste
Books
 s - a book of the Sky

   Spells                             Type                      Level
   a - Flight                         Charms/Air                   3
   b - Airstrike                      Air                          4
   c - Silence                        Hexes/Air                    5
   d - Deflect Missiles               Charms/Air                   6
   e - Conjure Ball Lightning         Conjuration/Air              6
   f - Tornado                        Air                          9
Comestibles
 d - 4 meat rations
 g - 5 fruits
 i - 2 bread rations
 j - a beef jerky
 q - 2 chunks of flesh


   Skills:
 * Level 5.0 Fighting
 + Level 3.6 Axes
 + Level 3.8 Armour
 + Level 1.2 Dodging
 + Level 3.9 Shields


You had one spell level left.
You knew the following spells:

 Your Spells              Type           Power        Failure   Level  Hunger
a - Flight                Chrm/Air       #.........   100%        3    ####...


Dungeon Overview and Level Annotations

Branches:
Dungeon (3/15)

Altars:


Message History

* * * LOW HITPOINT WARNING * * *
The gnoll barely misses you.
Unknown command.
* * * LOW HITPOINT WARNING * * *
You feel sick.
There is a stone staircase leading up here.
* * * LOW HITPOINT WARNING * * *
You feel sick. The gnoll hits you but does no damage.
Read which item? (? for menu, Esc to quit)
As you read the scroll of teleportation, it crumbles to dust.
You feel strangely unstable.
* * * LOW HITPOINT WARNING * * *
You feel sick. The gnoll hits you but does no damage.
You block the gnoll's attack.
* * * LOW HITPOINT WARNING * * *
You feel sick.
Your surroundings suddenly seem different.
* * * LOW HITPOINT WARNING * * *
You feel sick.
You die...

.... #......( ....
#..##... ...## #..#####
#..# #.†####
#.######.....#
##g........##.#
##?g.<##...## .#
#########..#######.....
. ........@.## #####..
/........## ........#
........# ........#
.......# ......# ######


You could see 2 gnolls.

Vanquished Creatures
  5 adders
  A gnoll (D:3)
  3 worms
  2 oozes
  6 orcs (D:3)
  3 giant cockroaches
  8 hobgoblins
  3 jackals (D:1)
  3 kobolds
  A quokka (D:3)
  7 bats
  2 giant geckos
  3 giant newts
  4 goblins
  3 rats
54 creatures vanquished.

Notes
Turn   | Place    | Note
--------------------------------------------------------------
     0 | D:1      | poirepourri, the Hill Orc Fighter, began the quest for the Orb.
     0 | D:1      | Reached XP level 1. HP: 19/19 MP: 1/1
    95 | D:1      | Reached skill level 4 in Fighting
   117 | D:1      | Reached XP level 2. HP: 24/27 MP: 2/2
   383 | D:1      | Reached XP level 3. HP: 31/33 MP: 3/3
   671 | D:2      | Reached XP level 4. HP: 41/41 MP: 4/4
  1020 | D:2      | Reached skill level 1 in Dodging
  1053 | D:3      | Learned a level 3 spell: Flight
  1527 | D:3      | Reached skill level 5 in Fighting
  1527 | D:3      | Reached XP level 5. HP: 25/48 MP: 5/5
  1549 | D:3      | HP: 2/48 [poisoned by a gnoll]
  1551 | D:3      | Succumbed to a gnoll's poison

Action                   |  1- 3 |  4- 6 || total
-------------------------+-------+-------++-------
Melee: War axe           |   116 |    62 ||   178
  Use: Scroll            |     4 |     3 ||     7
       Potion            |     1 |     5 ||     6
  Eat: Chunk             |       |     2 ||     2
